Map: Lightshade LE

Players

JusticeSimon

  • Race: Protoss Protoss
  • League: Master
  • Spawn Location: 11:00

BlysK - Winner!

  • Race: Protoss Protoss
  • League: Master
  • Spawn Location: 5:00

Event: DreamHack SC2 Masters 2020 Winter

VOD

Have the link to the VOD?

Description

Time

  • Played on: Oct. 16, 2020, 7:30 a.m.
  • Length: 11:05

All games in this series

Show
View Real Time Build Order
Export as new Build Order

JusticeSimon Protoss 

Build Orders: Oracle Opening 

Get SALT Encoding   

  12  0:00  Probe  
  13  0:12  Probe  
  14  0:17  Pylon  
  14  0:24  Probe (Chrono Boost)  
  15  0:36  Probe (Chrono Boost)  
  15  0:37  Gateway  
  16  0:44  Probe (Chrono Boost)  
  16  0:48  Assimilator  
  17  0:51  Probe  
  17  0:56  Assimilator  
  18  1:03  Probe (Chrono Boost)  
  19  1:08  Gateway  
  19  1:14  Probe (Chrono Boost)  
  20  1:18  Probe (Chrono Boost)  
  20  1:25  Cybernetics Core  
  21  1:29  Probe  
  22  1:38  Pylon  
  22  1:41  Probe  
  23  1:56  Probe  
  24  2:01  Adept x2  
  24  2:02  Warp Gate  
  24  2:08  Probe  
  29  2:17  Pylon x2  
  29  2:30  Stargate  
  29  2:35  Adept x2  
  33  2:42  Shield Battery  
  33  2:43  Probe  
  34  2:52  Pylon  
  34  3:17  Nexus  
  34  3:34  Oracle (Chrono Boost)  
  34  3:36  Probe  
  35  3:48  Probe  
  35  3:51  Stalker, Shield Battery  
  35  3:52  Sentry  
  39  4:00  Probe  
  39  4:01  Twilight Council  
  40  4:06  Void Ray  
  40  4:12  Probe  
  45  4:20  Pylon  
  40  4:37  Probe  
  37  4:39  Probe  
  36  4:49  Probe (Chrono Boost)  
  36  4:51  Probe (Chrono Boost)  
  36  4:52  Blink (Chrono Boost)  
  39  5:00  Probe (Chrono Boost)  
  39  5:01  Probe (Chrono Boost)  
  39  5:05  Probe (Chrono Boost)  
  39  5:06  Probe (Chrono Boost)  
  40  5:14  Stalker  
  44  5:18  Probe x2 (Chrono Boost)  
  47  5:29  Probe (Chrono Boost)  
  47  5:30  Probe (Chrono Boost)  
  47  5:31  Stalker  
  47  5:33  Probe (Chrono Boost)  
  47  5:34  Probe (Chrono Boost)  
  51  5:44  Probe  
  51  5:45  Robotics Facility, Probe  
  52  5:54  Stalker  
  52  5:56  Probe  
  55  5:57  Stalker  
  55  5:58  Probe  
  58  6:04  Pylon  
  58  6:11  Probe  
  58  6:12  Probe  
  58  6:15  Gateway  
  58  6:16  Gateway  
  60  6:21  Assimilator  
  60  6:25  Probe x2  
  62  6:41  Stalker x2, Warp Prism (Chrono Boost)  
  62  6:42  Probe  
  69  6:59  Shield Battery  
  69  7:06  Stalker x2  
  73  7:10  Stalker  
  73  7:11  Pylon  
  68  7:34  Stalker x4  
  68  7:35  Immortal (Chrono Boost)  
  80  7:41  Nexus  
  76  7:57  Stalker x3  
  72  7:59  Stalker  
  72  8:05  Gateway  
  73  8:07  Gateway  
  73  8:08  Pylon  
  73  8:10  Pylon, Immortal (Chrono Boost)  
  77  8:25  Assimilator  
  77  8:28  Sentry  
  77  8:29  Stalker x3  
  85  8:39  Pylon  
  85  8:40  Pylon, Observer (Chrono Boost)  
  86  9:04  Stalker x5  
  86  9:05  Stalker  
  90  9:28  Stalker x3  
  90  9:29  Stalker x2  
  96  9:33  Stalker  
  80  9:49  Stalker x2  
  80  9:50  Stalker  
  80  9:52  Stalker  
  80  9:53  Zealot  
  76  10:02  Stalker  
  78  10:08  Stalker x2  
  78  10:10  Stalker  
  84  10:23  Stalker x2  
  84  10:27  Stalker  
  86  10:31  Stalker  
  64  10:43  Stalker x2  
Show
View Real Time Build Order
Export as new Build Order

BlysK Protoss - Winner!

Build Orders: Oracle Opening 

Get SALT Encoding   

  12  0:00  Probe  
  13  0:12  Probe  
  14  0:19  Pylon  
  14  0:24  Probe  
  15  0:37  Gateway, Probe (Chrono Boost)  
  16  0:43  Assimilator  
  16  0:47  Probe (Chrono Boost)  
  17  0:52  Probe (Chrono Boost)  
  17  0:55  Assimilator  
  18  1:03  Probe  
  19  1:11  Gateway  
  19  1:15  Probe  
  20  1:25  Cybernetics Core  
  20  1:27  Probe  
  21  1:37  Pylon  
  21  1:39  Probe  
  22  1:50  Pylon  
  22  1:51  Probe  
  23  2:00  Stalker x2 (Chrono Boost)  
  25  2:04  Warp Gate  
  27  2:10  Probe  
  28  2:21  Stalker  
  28  2:22  Stalker  
  32  2:38  Probe  
  33  2:49  Stargate  
  33  3:06  Nexus  
  33  3:11  Shield Battery  
  33  3:23  Probe  
  32  3:33  Oracle  
  34  3:35  Probe  
  33  3:48  Probe  
  34  3:52  Pylon  
  34  3:54  Twilight Council  
  34  4:00  Probe, Sentry  
  37  4:05  Pylon  
  37  4:12  Probe (Chrono Boost)  
  37  4:16  Shield Battery  
  40  4:24  Probe (Chrono Boost)  
  40  4:26  Probe (Chrono Boost)  
  40  4:31  Probe (Chrono Boost)  
  40  4:34  Probe (Chrono Boost)  
  39  4:38  Probe  
  39  4:40  Blink (Chrono Boost)  
  39  4:41  Stalker  
  42  4:46  Probe  
  42  4:50  Probe  
  44  4:55  Stalker  
  44  4:59  Probe  
  48  5:07  Phoenix, Gateway, Probe  
  48  5:11  Probe  
  49  5:19  Probe (Chrono Boost)  
  50  5:24  Robotics Facility  
  50  5:27  Probe (Chrono Boost)  
  51  5:31  Probe (Chrono Boost)  
  53  5:36  Probe (Chrono Boost)  
  53  5:37  Probe (Chrono Boost)  
  54  5:45  Probe  
  54  5:47  Probe  
  56  5:53  Pylon  
  56  5:55  Nexus  
  56  5:57  Probe  
  56  5:59  Probe  
  58  6:06  Assimilator  
  58  6:09  Probe  
  59  6:14  Gateway  
  59  6:16  Gateway  
  59  6:17  Warp Prism (Chrono Boost)  
  61  6:20  Probe  
  62  6:26  Probe  
  62  6:27  Pylon  
  63  6:32  Probe  
  63  6:39  Stalker x3  
  69  6:48  Probe x2  
  69  6:51  Observer (Chrono Boost)  
  69  6:53  Forge  
  72  7:00  Probe  
  73  7:02  Stalker  
  76  7:10  Stalker x3  
  76  7:13  Stalker  
  80  7:26  Protoss Ground Weapons Level 1 (Chrono Boost)  
  80  7:27  Stalker  
  80  7:29  Stalker  
  82  7:35  Stalker x2  
  82  7:37  Stalker  
  86  7:38  Probe x2  
  86  7:43  Gateway  
  88  7:51  Stalker x2  
  92  7:58  Stalker x2, Probe  
  91  8:00  Stalker  
  91  8:03  Charge (Chrono Boost)  
  97  8:08  Probe  
  98  8:21  Pylon  
  98  8:22  Pylon  
  98  8:23  Shield Battery  
  98  8:31  Pylon  
  98  8:35  Robotics Bay  
  98  8:37  Assimilator, Immortal (Chrono Boost)  
  102  8:45  Zealot x2  
  102  8:46  Stalker  
  108  8:50  Shield Battery  
  108  8:55  Pylon  
  108  8:56  Zealot  
  108  8:57  Zealot x2  
  106  9:13  Zealot x2  
  106  9:14  Zealot  
  106  9:15  Immortal (Chrono Boost)  
  106  9:23  Zealot x3  
  114  9:29  Probe  
  95  9:40  Stalker x3  
  93  9:49  Immortal (Chrono Boost)  
  93  9:52  Observer  
  93  9:57  Probe x2  
  91  10:02  Stalker x3  
  93  10:09  Stalker x3  
  93  10:12  Gateway  
  97  10:27  Shield Battery  
  95  10:29  Zealot x3  
  95  10:30  Immortal (Chrono Boost)  
  89  10:45  Stalker x3  
Tags
 
Add a new tag
Caveats
  • Supply blocks, unpowered buildings, or Contaminate may cause inaccurate times.
  • Supply counts are checked every 10 seconds.